 Dungeon Crawl Stone Soup version 0.25.0-37-gb73750e0fb (console) character file.

Game seed: 4276836444815856843

185190 Kagalorn the Peltast (level 17, -4/146 HPs)
             Began as a Green Draconian Monk on July 7, 2020.
             Was the Champion of Ashenzari.
             Killed from afar by Mara (illusionary) (31 damage)
             ... with a bolt of fire
             ... on level 2 of the Shoals on July 8, 2020.
             The game lasted 01:57:10 (51224 turns).

Kagalorn the Peltast (Green Draconian Monk)        Turns: 51224, Time: 01:57:10

Health: -4/146     AC: 12    Str: 15    XL:     17   Next: 40%
Magic:  23/28      EV: 19    Int: 15    God:    Ashenzari [******]
Gold:   2729       SH: 26    Dex: 15    Spells: 26/30 levels left

rFire    . . .     SeeInvis +   a - +5 long sword (freeze) (curse)
rCold    . . .     Gourm    .   t - +4 tower shield of a Billion Quests {Slay+3} (curse)
rNeg     . . .     Faith    .   (armour unavailable)
rPois    +         Spirit   .   (helmet restricted)
rElec    .         Reflect  .   b - +0 cloak {MR+} (curse)
rCorr    .         Harm     .   N - +0 pair of gloves
MR       +++..     Clarity  +   K - +0 pair of boots (curse)
Stlth    ++........             (no amulet)
HPRegen  0.34/turn              x - +4 ring of slaying (curse)
MPRegen  0.21/turn              n - ring of protection from magic

@: frozen ramparts
A: breathe noxious fumes, unfitting armour, stinger 1, poison resistance,
cold-blooded, AC +9
}: 1/15 runes: gossamer
a: Breathe Noxious Fumes, Curse Item, Scrying, Transfer Knowledge, Renounce
Religion


You were on level 2 of the Shoals.
You worshipped Ashenzari.
Ashenzari was exalted by your worship.
You were hungry.

You visited 6 branches of the dungeon, and saw 31 of its levels.

You collected 3813 gold pieces.
You spent 1084 gold pieces at shops.

Inventory:

Hand Weapons
 a - a cursed +5 long sword of freezing (weapon)
 W - a +0 demon blade
Missiles
 c - 721 arrows
 j - 77 poisoned darts (quivered)
 A - 177 bolts
 D - 21 silver javelins
 E - 11 throwing nets
 J - 20 javelins
 R - 6 atropa-tipped darts
Armour
 b - a cursed +0 cloak of magic resistance (worn)
 t - the cursed +4 tower shield of a Billion Quests (worn) {Slay+3}
   (You found it on level 3 of the Spider Nest)

   It affects your accuracy and damage with ranged weapons and melee attacks
   (+3).
   It has a curse placed upon it.
 K - a cursed +0 pair of boots (worn)
 N - a +0 pair of gloves (worn)
Jewellery
 n - a ring of protection from magic (right hand)
 s - an uncursed ring of flight
 x - a cursed +4 ring of slaying (left hand)
 C - an uncursed ring of protection from fire
 O - an uncursed ring of positive energy
Wands
 e - a wand of digging (21)
 B - a wand of iceblast (22)
 G - a wand of paralysis (28)
 M - a wand of acid (21)
 X - a wand of clouds (6)
Scrolls
 l - 7 scrolls of teleportation
 o - 7 scrolls of amnesia
 r - 4 scrolls of blinking
 u - 3 scrolls of remove curse
 y - 4 scrolls of magic mapping
 z - 2 scrolls of enchant weapon
 I - 3 scrolls of fear
 T - a scroll of vulnerability
 U - 6 scrolls of identify
 V - 2 scrolls of enchant armour
 Y - a scroll of silence
Potions
 d - 3 potions of cancellation
 f - 4 potions of stabbing
 g - 2 potions of brilliance
 h - 5 potions of lignification
 i - 5 potions of haste
 m - 6 potions of heal wounds
 q - a potion of flight
 v - 12 potions of curing
 w - 5 potions of ambrosia
 F - 3 potions of mutation
 H - a potion of berserk rage
 L - 3 potions of magic
 P - 4 potions of resistance
 S - 4 potions of might
Miscellaneous
 k - 4 boxes of beasts
Comestibles
 p - 24 rations


   Skills:
 + Level 11.7 Fighting
 - Level 12.0(16.1) Long Blades
 + Level 11.2 Dodging
 - Level 2.0 Stealth
 + Level 19.6(21.8) Shields
 + Level 7.4 Spellcasting
 - Level 2.0 Summonings
 - Level 8.0 Ice Magic
 - Level 10.0 Evocations


You had 26 spell levels left.
You knew the following spells:

 Your Spells              Type           Power        Failure   Level  Hunger
b - Frozen Ramparts       Ice            ####..       1%          3    ##.....
h - Summon Butterflies    Summ           ##......     9%          1    None

Your spell library contained the following spells:

 Spells                   Type           Power        Failure   Level  Hunger
 Freeze                   Ice            ####         1%          1    None
 Summon Small Mammal      Summ           ##..         9%          1    None
 Ozocubu's Armour         Chrm/Ice       ###.....     11%         3    ##.....
 Animate Skeleton         Necr           N/A          19%         1    None
 Apportation              Tloc           #.....       19%         1    None
 Corona                   Hex            #......      19%         1    None
 Summon Ice Beast         Ice/Summ       ###.....     24%         4    ####...
 Hailstorm                Conj/Ice       ###.....     34%         4    ####...
 Recall                   Summ/Tloc      N/A          36%         3    ##.....
 Animate Dead             Necr           N/A          88%         4    ####...
 Borgnjor's Vile Clutch   Necr/Erth      #.........   99%         5    #####..
 Simulacrum               Ice/Necr       ###.......   99%         6    #######
 Death Channel            Necr           #.........   100%        6    #######


Dungeon Overview and Level Annotations

Branches:
Dungeon (15/15)            Temple (1/1) D:6            Lair (6/6) D:11
 Shoals (3/4) Lair:4       Spider (4/4) Lair:4        Slime (0/5) Lair:5
    Orc (2/2) D:12            Elf (0/3) Orc:2        Vaults (0/5) D:14
 Depths (0/5) D:15

Altars:
Ashenzari
Cheibriados
Dithmenos
Elyvilon
Fedhas
Gozag
Hepliaklqana
Kikubaaqudgha
Makhleb
Nemelex Xobeh
Okawaru
Qazlal
Ru
Sif Muna
Trog
Uskayaw
Vehumet
Wu Jian
Xom
Yredelemnul
Zin
The Shining One
Jiyva

Shops:
D:6 =   D:12 *   D:15 [   Orc:1 [   Orc:2 %(*!

Portals:
Hell: Lair:6
Trove: D:11 (give 13 scrolls of teleportation)

Annotations:
D:10 2 transporters
Shoals:2 Mara
Shoals:3 Ilsuiw


Innate Abilities, Weirdness & Mutations

You can breathe blasts of noxious fumes.
Your lurid green scales are hard. (AC +9)
You cannot fit into any form of body armour.
Your tail ends in a poisonous barb.
Your system is resistant to poisons. (rPois)
You are cold-blooded and may be slowed by cold attacks.


Message History

You kill the butterfly!
The wall freezes the butterfly but do no damage.
Mara blinks!
The wall freezes the butterfly.
You kill the butterfly!
The wall freezes Kagalorn's illusion.
You block Kagalorn's illusion's attack.
The frozen ramparts melt away.
Mara says, "Thou art lean, ill-favoured, death is in thy neighbourhood!"
Mara's face changes twice.
Mara gestures at you.
The bolt of fire misses the butterfly.
The bolt of fire misses you.
Casting: Frozen Ramparts (safe; 1% risk of failure)
Confirm with . or Enter, or press ? or * to list all spells.
The walls around you are covered in ice.
The wall freezes the butterfly.
You kill the butterfly!
The wall freezes Kagalorn's illusion.
Kagalorn's illusion hits you but does no damage.
Mara gestures at you. The bolt of fire hits you!!
You die...

....≈≈.≈...≈.#.PPP.≈≈≈≈≈≈≈≈≈≈≈ ≈≈
......≈≈.....#.P.P.≈≈≈≈≈≈≈≈≈≈≈ ≈
....#..≈...........≈..≈≈≈≈≈≈≈≈ ≈
....##......P.....≈≈.≈≈≈≈≈≈≈≈≈≈ ≈
...P#..##....P.≈..≈..≈≈≈≈≈≈≈≈≈≈≈
≈....###P...<......≈≈..≈≈≈≈≈≈≈≈≈≈
P≈PP.##.....P...........≈≈≈≈≈≈≈≈≈
PP≈......P.P###..####..≈..≈≈≈≈≈≈≈
≈P.....≈)...##..@###....{≈≈≈≈≈≈≈≈
......≈≈.#R..RR...##.###.≈≈≈≈≈≈≈≈
..≈P..≈≈.<[≈b....P@..##..≈≈≈≈≈≈≈≈
..P....≈≈≈≈≈≈.....b..b...≈≈≈≈≈≈≈≈
≈....≈.≈≈≈≈≈..P.......bbb.≈≈≈≈≈≈≈
..###).......###[....b.≈..≈≈≈≈≈≈≈
..##.....##..###...≈...≈≈≈≈≈≈≈≈≈≈
.....≈≈.##...##...≈≈..≈≈≈≈≈≈≈≈≈≈≈
.....≈..........b.....≈≈≈≈≈≈≈≈≈≈≈


You could see 3 Maras and Kagalorn's illusion.

Vanquished Creatures
  Rupert (D:15)
  A kraken (Shoals:2)
  Polyphemus (Shoals:2)
  10 emperor scorpions
  Aizul (Lair:4)
  3 ghost moths (Spider:4)
  2 spark wasps
  5 merfolk impalers (Shoals:2)
  2 merfolk javelineers
  2 fire dragons (D:15)
  5 hydras
  3 vault guards
  Josephine (D:13)
  Erolcha (D:13)
  Harold (D:7)
  3 merfolk avatars
  3 centaur warriors
  2 catoblepae
  A satyr (Shoals:2)
  6 two-headed ogres
  An anaconda (Lair:6)
  An alligator snapping turtle (Shoals:2)
  A tengu warrior (D:15)
  An orc high priest (Orc:2)
  9 death yaks
  2 fire crabs
  A sixfirhy (Lair:6)
  An unseen horror (D:10)
  6 sea snakes
  2 wizards
  3 harpies (Shoals:2)
  An orc knight (D:15)
  12 orb spiders
  19 wolf spiders
  5 orc sorcerers
  8 ugly things
  6 fauns
  2 cyclopes
  A moth of wrath (Spider:1)
  4 manticores
  6 elephants (Lair:6)
  4 water nymphs
  3 centaur zombies
  5 merfolk sirens
  9 black mambas
  A torpor snail (Lair:6)
  An orange demon (Lair:6)
  14 spiny frogs
  4 gargoyles
  Psyche (D:11)
  6 komodo dragons
  5 rime drakes
  A kobold demonologist (D:15)
  3 ice devils (Lair:6)
  A hellwing (Lair:6)
  9 demonic crawlers
  5 trolls
  A red devil (Lair:6)
  19 merfolk
  15 jumping spiders
  A polar bear (Lair:4)
  A wind drake (Shoals:2)
  3 hornets
  16 hippogriffs
  5 snapping turtles
  6 dream sheep
  31 blink frogs
  11 slime creatures
  3 shadows
  66 redbacks
  6 wyverns
  28 tarantellas
  4 water elementals (Shoals:1)
  3 wraiths (D:13)
  A fire bat (Shoals:2)
  3 basilisks
  8 humans (D:14)
  5 hungry ghosts
  63 yaks
  4 vampire mosquitoes (D:14)
  A warg (D:12)
  13 water moccasins
  3 hell hounds (Lair:6)
  An ice beast (D:11)
  4 porcupines
  3 sky beasts
  A black bear (D:12)
  23 orc warriors
  12 wolves
  7 ogres
  A necrophage (D:3)
  20 centaurs
  11 crocodiles
  8 big kobolds
  19 bullfrogs
  3 earth elementals (D:12)
  3 scorpions
  29 wights
  3 electric eels
  6 howler monkeys
  5 crimson imps
  2 bullfrog zombies
  32 orc priests
  5 hounds
  10 jellies
  43 orc wizards
  A quasit (D:11)
  4 centaur skeletons
  Terence (D:2)
  4 iguanas
  5 worker ants
  A hound skeleton (D:7)
  A worker ant zombie (D:10)
  15 gnolls
  9 adders
  A howler monkey skeleton (D:7)
  4 shadow imps
  4 oozes
  6 worms
  3 dart slugs
  4 leopard geckos
  76 orcs
  4 ball pythons
  8 giant cockroaches
  11 goblins
  14 hobgoblins
  9 jackals
  3 quokkas
  7 bats
  6 frilled lizards
  31 kobolds
  A leopard gecko zombie (D:5)
  A quokka zombie (D:5)
  10 rats
  2 tentacles (Shoals:2)
1035 creatures vanquished.

Vanquished Creatures (collateral kills)
  A tarantella (Spider:2)
1 creature vanquished.

Vanquished Creatures (others)
  6 dream sheep
  2 humans (D:14)
  2 bushes
  20 fungi
  18 plants
  17 tentacles (Shoals:2)
65 creatures vanquished.

Grand Total: 1101 creatures vanquished

Notes
Turn   | Place    | Note
-------+----------+-------------------------------------------
     0 | D:1      | Kagalorn the Draconian Monk began the quest for the Orb.
     0 | D:1      | Reached XP level 1. HP: 19/19 MP: 1/1
   267 | D:1      | Reached XP level 2. HP: 24/26 MP: 2/2
   997 | D:1      | Reached XP level 3. HP: 31/31 MP: 3/3
  1664 | D:2      | Noticed Terence
  1677 | D:2      | Killed Terence
  1677 | D:2      | Reached XP level 4. HP: 24/40 MP: 4/4
  2517 | D:2      | Reached XP level 5. HP: 46/46 MP: 5/5
  2749 | D:3      | Found a shadowy altar of Dithmenos.
  2910 | D:3      | Noticed a necrophage
  2927 | D:3      | Killed a necrophage
  2927 | D:3      | Reached skill level 5 in Long Blades
  3238 | D:3      | Reached XP level 6. HP: 49/52 MP: 6/6
  4478 | D:3      | Reached skill level 5 in Fighting
  5001 | D:4      | Your scales start taking on a lurid green colour.
  5001 | D:4      | Reached XP level 7. HP: 55/61 MP: 7/7
  5001 | D:4      | Gained mutation: Your system is resistant to poisons.
                  | (rPois) [Green Draconian growth]
  5572 | D:5      | Entered Level 5 of the Dungeon
  6306 | D:5      | Found a glowing golden altar of the Shining One.
  6349 | D:5      | Found a hide-covered altar of Uskayaw.
  6357 | D:5      | Reached skill level 5 in Dodging
  6382 | D:5      | Reached XP level 8. HP: 44/68 MP: 8/8
  7242 | D:6      | Found a stormy altar of Qazlal.
  7242 | D:6      | Noticed an air elemental
  7295 | D:6      | Noticed a dream sheep
  7295 | D:6      | Noticed a dream sheep
  7295 | D:6      | Noticed a dream sheep
  7295 | D:6      | Noticed a dream sheep
  7295 | D:6      | Noticed a dream sheep
  7295 | D:6      | Found a shimmering altar of Xom.
  7301 | D:6      | Killed a dream sheep
  7301 | D:6      | Killed a dream sheep
  7301 | D:6      | Killed a dream sheep
  7302 | D:6      | Killed a dream sheep
  7302 | D:6      | Killed a dream sheep
  7642 | D:6      | Reached skill level 10 in Long Blades
  7985 | D:6      | Found a staircase to the Ecumenical Temple.
  7995 | Temple   | Entered the Ecumenical Temple
  8082 | Temple   | Became a worshipper of Ashenzari the Shackled
  8082 | Temple   | Reached * piety under Ashenzari
  8082 | Temple   | Reached ** piety under Ashenzari
  8291 | D:6      | Reached XP level 9. HP: 74/74 MP: 9/9
  8510 | D:6      | Found Dunifi's Jewellery Shoppe.
  8621 | D:6      | Found a white marble altar of Elyvilon.
  8759 | D:7      | Noticed Harold
  8825 | D:7      | Killed Harold
  9375 | D:7      | Found a radiant altar of Vehumet.
  9401 | D:7      | Reached skill level 1 in Shields
  9401 | D:7      | Reached skill level 1 in Evocations
  9829 | D:7      | Found an opulent altar of Gozag.
  9954 | D:8      | Reached *** piety under Ashenzari
  9959 | D:8      | Reached skill level 2 in Shields
 10268 | D:8      | Reached XP level 10. HP: 74/83 MP: 11/11
 10820 | D:8      | Found a shimmering blue altar of Sif Muna.
 10854 | D:8      | Reached skill level 3 in Shields
 10860 | D:8      | Identified Sif Muna's Almanac of Illusion
 10971 | D:8      | Learned a level 3 spell: Frozen Ramparts
 11004 | D:8      | Noticed a two-headed ogre
 11013 | D:8      | Killed a two-headed ogre
 11013 | D:8      | Reached skill level 1 in Ice Magic
 11108 | D:8      | Reached skill level 1 in Spellcasting
 11347 | D:9      | Found a hazy altar of Hepliaklqana.
 11737 | D:9      | Found a snail-covered altar of Cheibriados.
 11906 | D:10     | Entered Level 10 of the Dungeon
 11999 | D:10     | Found a transporter.
 12002 | D:10     | Noticed a great orb of eyes
 12002 | D:10     | Noticed an eye of devastation
 12003 | D:10     | Identified the amulet "Hyttifis" {RegenMP +Fly rF- rN+++
                  | Int-3}
 12004 | D:10     | Found a transporter.
 12215 | D:10     | Reached skill level 4 in Shields
 12267 | D:10     | Noticed an unseen horror
 12409 | D:10     | Killed an unseen horror
 12529 | D:10     | Identified the +6 trident of Dried Tears {distort, Int+4}
 12685 | D:11     | Noticed Psyche
 12690 | D:11     | Killed Psyche
 12690 | D:11     | Reached XP level 11. HP: 92/92 MP: 13/15
 12720 | D:11     | Noticed a purple ugly thing
 12733 | D:11     | Killed a purple ugly thing
 12820 | D:11     | Noticed a two-headed ogre
 12844 | D:11     | Killed a two-headed ogre
 12909 | D:11     | Noticed a white ugly thing
 12910 | D:11     | Found a staircase to the Lair.
 12916 | D:11     | Killed a white ugly thing
 12916 | D:11     | Reached skill level 5 in Ice Magic
 12980 | D:11     | Noticed a purple ugly thing
 13011 | D:11     | Killed a purple ugly thing
 13118 | D:11     | Noticed a two-headed ogre
 13129 | D:11     | Killed a two-headed ogre
 13129 | D:11     | Reached skill level 5 in Shields
 13129 | D:11     | Reached skill level 5 in Evocations
 13912 | D:11     | Noticed a vault guard
 13940 | D:11     | Killed a vault guard
 14065 | D:11     | Found a portal to a secret trove of treasure.
 14284 | D:12     | Noticed a two-headed ogre
 14342 | D:11     | Killed a two-headed ogre
 14883 | D:12     | Found a staircase to the Orcish Mines.
 14903 | D:12     | Reached **** piety under Ashenzari
 15073 | D:12     | Reached XP level 12. HP: 71/102 MP: 18/18
 15811 | D:12     | Reached skill level 6 in Shields
 15866 | D:12     | Noticed a three-headed hydra
 16022 | D:12     | Killed a five-headed hydra
 16256 | D:12     | Found Xidevaf's Pet Rocks.
 16821 | Lair:1   | Entered Level 1 of the Lair of Beasts
 16922 | Lair:1   | Reached skill level 5 in Spellcasting
 17569 | Lair:2   | Reached ***** piety under Ashenzari
 18602 | Lair:3   | Reached skill level 7 in Shields
 19404 | Lair:3   | Reached XP level 13. HP: 112/112 MP: 16/20
 20150 | Lair:4   | Reached skill level 10 in Fighting
 20283 | Lair:4   | Reached skill level 8 in Shields
 20667 | Lair:4   | Found a hole to the Spider Nest.
 21108 | Lair:4   | Found a staircase to the Shoals.
 21467 | Lair:5   | Found a staircase to the Slime Pits.
 21646 | Lair:5   | Found a shimmering altar of Xom.
 22116 | Lair:6   | Entered Level 6 of the Lair of Beasts
 22310 | Lair:6   | Reached skill level 9 in Shields
 22701 | Lair:6   | Reached ****** piety under Ashenzari
 23049 | Lair:6   | Reached skill level 10 in Dodging
 23560 | Lair:5   | Reached skill level 10 in Shields
 23567 | Lair:5   | Reached skill level 10 in Evocations
 24036 | Lair:5   | Gained mutation: Your tail ends in a poisonous barb. [Green
                  | Draconian growth]
 24036 | Lair:5   | Reached XP level 14. HP: 90/121 MP: 18/21
 24498 | Lair:6   | Reached skill level 11 in Shields
 24913 | Lair:6   | Reached skill level 12 in Shields
 25957 | Lair:6   | Found a burning altar of Makhleb.
 26412 | Lair:6   | Reached skill level 13 in Shields
 26723 | Lair:6   | Found a gateway to Hell.
 26782 | Lair:6   | Learned a level 1 spell: Summon Butterflies
 27017 | D:13     | Upgraded the game from 0.25.0-33-gff14898491 to
                  | 0.25.0-37-gb73750e0fb
 27205 | D:13     | Reached skill level 1 in Summonings
 27414 | D:13     | Noticed Josephine
 27491 | D:13     | Killed Josephine
 27747 | D:13     | Noticed Erolcha
 27759 | D:13     | Killed Erolcha
 28341 | D:14     | Reached skill level 14 in Shields
 29394 | D:14     | Reached XP level 15. HP: 105/126 MP: 22/22
 29420 | D:14     | Found a gate to the Vaults.
 29600 | D:15     | Entered Level 15 of the Dungeon
 29639 | D:15     | Noticed Rupert
 29705 | Orc:1    | Entered Level 1 of the Orcish Mines
 30072 | Orc:2    | Entered Level 2 of the Orcish Mines
 30072 | Orc:2    | Found a staircase to the Elven Halls.
 31057 | Orc:2    | Reached skill level 15 in Shields
 31439 | Orc:2    | Paralysed by an orc sorcerer for 7 turns
 31521 | Orc:2    | Found Mimase's Antique Weapon Boutique.
 31521 | Orc:2    | Found Dakheoso's Distillery.
 31521 | Orc:2    | Found Quawkoj's General Store.
 31527 | Orc:2    | Found Xiwyth's Food Boutique.
 31577 | Orc:2    | Bought a potion of mutation for 120 gold pieces
 31577 | Orc:2    | Bought a potion of haste for 150 gold pieces
 31577 | Orc:2    | Bought a potion of might for 60 gold pieces
 31577 | Orc:2    | Bought a potion of magic for 120 gold pieces
 31577 | Orc:2    | Bought a potion of curing for 45 gold pieces
 31577 | Orc:2    | Bought a potion of curing for 45 gold pieces
 31577 | Orc:2    | Bought a potion of curing for 45 gold pieces
 31577 | Orc:2    | Bought a potion of curing for 45 gold pieces
 31577 | Orc:2    | Bought a potion of resistance for 150 gold pieces
 31577 | Orc:2    | Bought a potion of cancellation for 120 gold pieces
 31808 | Orc:1    | Found Zoah's Armour Emporium.
 32005 | D:15     | Killed Rupert
 32698 | D:15     | Reached skill level 16 in Shields
 32751 | D:15     | Found the +4 moon troll leather armour {Spirit, Regen++
                  | MP+5}
 32903 | D:15     | Found a staircase to the Depths.
 33230 | D:15     | Found Afromil's Armour Boutique.
 33244 | D:15     | Bought a +0 cloak of magic resistance for 184 gold pieces
 33616 | Spider:1 | Entered Level 1 of the Spider Nest
 33665 | Spider:1 | Noticed Aizul
 33693 | Lair:4   | HP: 1/126 [Aizul/bolt of poison (8)]
 33695 | Lair:4   | Killed Aizul
 34223 | Lair:4   | HP: 5/126 [poisoned by an emperor scorpion]
 35117 | Spider:1 | Reached skill level 17 in Shields
 37308 | Spider:2 | Reached XP level 16. HP: 122/134 MP: 23/23
 37556 | Spider:2 | Identified a scroll of acquirement
 37559 | Spider:2 | Acquired 840 gold pieces
 37924 | Spider:1 | HP: 4/134 [emperor scorpion (14)]
 38508 | Spider:3 | Reached skill level 18 in Shields
 39663 | Spider:3 | Identified the +4 tower shield of a Billion Quests {Slay+3}
 39965 | Spider:4 | Entered Level 4 of the Spider Nest
 40868 | Spider:4 | Reached skill level 19 in Shields
 43064 | Spider:4 | Got a gossamer rune of Zot
 43338 | Shoals:1 | Entered Level 1 of the Shoals
 43538 | Shoals:1 | Found an ancient bone altar of Kikubaaqudgha.
 45950 | Shoals:1 | HP: 4/136 [something (12)]
 46870 | Shoals:2 | Reached XP level 17. HP: 41/144 MP: 24/26
 47918 | Shoals:2 | HP: 7/144 [merfolk javelineer/silver javelin (3)]
 48886 | Shoals:2 | Noticed a kraken
 48915 | Shoals:2 | Killed a kraken
 49221 | Shoals:3 | Noticed Ilsuiw
 49222 | Shoals:3 | Noticed Mara
 49299 | Shoals:3 | Noticed Polyphemus
 50422 | Shoals:2 | Killed Polyphemus
 51194 | Shoals:3 | Noticed Kagalorn's illusion
 51212 | Shoals:2 | Noticed Kagalorn's illusion
 51224 | Shoals:2 | Killed from afar by Mara (illusionary)

Illustrated notes

Levels and vault maps discovered:
D:1:      nicolae_arrival_memento_mori, layout_basic, solitary_fountain
D:2:      layout_rooms, grunt_decor_fettered, st_stairs_9, uniq_terence
D:3:      minmay_angry_zag, layout_basic, nicolae_dithmenos_shadow_blocks,
          kennysheep_generic_room_14
D:4:      layout_basic
D:5:      layout_layer_cave, eat_drink_and_be_merry_uskayaw, tso_altar,
          first_ration, dk_noncrumbling_3
D:6:      minmay_chambers_of_fours, layout_loops_ring,
          nicolae_qazlal_style_of_elements, kb_xom_exploding_sheep,
          kennysheep_mini_moat, minmay_temple_entry_poolview,
          serial_co_window_serial, co_window_paths_a, co_window_paths_b,
          co_window_paths_a, co_window_corner_a, co_window_of_opportunity_a,
          co_window_paths_b, co_window_paths_c, co_window_broadway_b,
          co_window_of_opportunity_b, co_window_unsneaky_path_a,
          co_window_unsneaky_path_e, co_window_paths_e, serial_shops,
          nicolae_shop_behind_doors
D:7:      layout_basic, vehumet_altar_wand_db, grunt_gozag_breadcrumbs,
          uniq_harold
D:8:      layout_loops_cross, led_sif_book
D:9:      layout_basic, lemuel_doored_altar, cheibriados_altar_1
D:10:     gammafunk_jiyva_shrine, layout_basic
D:11:     layout_gridville, lair_entry_dummy, enter_trove_5, uniq_psyche
D:12:     layout_irregular_city, erik_orc_4, hangedman_ranch
          [blue_anna_fruit_fields], guppyfry_shop_earth
D:13:     layout_roguey, uniq_josephine, uniq_erolcha
D:14:     layout_rooms, ximxim_vaults_locker_room, minmay_misc_feat_cross,
          hex_intersection
D:15:     grunt_enter_depths_hoard, layout_long_grid, serial_shops, shop,
          hex_medium, uniq_rupert
Temple:   pf_slimified_temple
Lair:1:   layout_misc_corridors
Lair:2:   layout_gridlike
Lair:3:   layout_regular_city
Lair:4:   layout_misc_corridors, elwin_shoals_entry_rooms,
          nicolae_spider_entry_non_spiders, grunt_megastairs_1
Lair:5:   layout_gridlike, nicolae_slime_entry_slimehenge, basic_altar,
          grunt_megastairs_4
Lair:6:   evil_forest, layout_loops_ring, minivault_26, minmay_shattered_shrine,
          infiniplex_staircase_pool_2, lemuel_fruit_fields
Shoals:1: layout_shoals, lemuel_centaur_altar
Shoals:2: argonaut_golden_fleece, layout_shoals, hangedman_shoal_volcano
Shoals:3: layout_shoals, lemuel_oklob_altar, uniq_ilsuiw, uniq_mara,
          uniq_polyphemus
Spider:1: layout_spider_delve, uniq_aizul
Spider:2: layout_spider_delve
Spider:3: layout_spider_delve
Spider:4: grunt_spider_rune_circles
Orc:1:    layout_diamond_mine, serial_shops, shop
Orc:2:    st_orc_mages, layout_caves

Skill      XL: |  1  2  3  4  5  6  7  8  9 10 11 12 13 14 15 16 17 |
---------------+----------------------------------------------------+-----
Stealth        | 2 |  2.0
Dodging        | 3 4 5 6 7 8 10 11 | 11.2
Long Blades    | 4 5 6 8 10 12 | 12.0
Fighting       | 4 5 7 8 9 10 11 | 11.7
Shields        | 2 4 5 7 10 14 17 19 | 19.6
Evocations     | 2 4 5 7 10 | 10.0
Ice Magic      | 4 6 8 |  8.0
Spellcasting   | 2 4 5 6 7 |  7.4
Summonings     | 2 |  2.0

Action                   |  1- 3 |  4- 6 |  7- 9 | 10-12 | 13-15 | 16-18 || total
-------------------------+-------+-------+-------+-------+-------+-------++-------
Melee: Falchion          |   138 |   281 |    82 |       |       |       ||   501
       Tailslap          |    19 |    43 |    37 |    94 |   209 |   143 ||   545
       Short sword       |       |       |    70 |       |       |       ||    70
       Long sword        |       |       |   113 |   652 |  1409 |   851 ||  3025
Throw: Dart              |       |     8 |     8 |    16 |    20 |    35 ||    87
       Stone             |       |     4 |       |       |       |       ||     4
 Cast: Frozen Ramparts   |       |       |       |    37 |   124 |   119 ||   280
Invok: Curse Item        |       |       |     1 |     1 |     2 |     1 ||     5
 Abil: Breathe Noxious F |       |       |    12 |     9 |    15 |     9 ||    45
Evoke: Wand              |       |       |     1 |     2 |     3 |     7 ||    13
  Use: Scroll            |       |     7 |     1 |    13 |     6 |     5 ||    32
       Potion            |       |     2 |     1 |     1 |     5 |     1 ||    10
 Stab: Sleeping          |     4 |     3 |     3 |     8 |     9 |     2 ||    29
       Distracted        |       |     1 |       |       |     2 |       ||     3
       Confused          |       |       |     9 |     4 |    12 |     2 ||    27
       Paralysed         |       |       |       |     6 |       |     5 ||    11
       Petrified         |       |       |       |       |       |     3 ||     3
  Eat: Chunk             |     3 |    11 |    15 |    20 |    38 |    20 ||   107
       Ration            |       |       |     1 |     5 |    10 |    10 ||    26
Armor: Skin              |    26 |    69 |    44 |    88 |   154 |   159 ||   540
Dodge: Dodged            |    89 |   169 |   135 |   248 |   413 |   385 ||  1439
Block: Kite shield       |       |       |       |   178 |   208 |       ||   386
       Tower shield      |       |       |       |       |   754 |  1261 ||  2015
       Rpst.: Falchion   |    27 |    66 |    15 |       |       |       ||   108
       Long sword        |       |       |    10 |    56 |    86 |    75 ||   227
